 Dungeon Crawl Stone Soup version 0.27-a0-1105-g946c659c87 (webtiles) character file.

Game seed: 5754475877103084340

11972 kae the Severer (level 11, -5/105 HPs)
             Began as a Hill Orc Fighter on Apr 29, 2021.
             Splashed by an acid dragon's acid (7 damage)
             ... on level 11 of the Dungeon.
             The game lasted 00:09:00 (11514 turns).

kae the Severer (Hill Orc Fighter)                 Turns: 11514, Time: 00:09:01

Health: -5/105     AC: 12    Str: 23    XL:     11   Next: 86%
Magic:  11/11      EV: 10    Int:  8    God:
Gold:   539        SH:  0    Dex: 16    Spells: 10/10 levels left

rFire    . . .     SeeInvis +   I - +3 battleaxe (freeze)
rCold    . . .     Faith    .   (shield currently unavailable)
rNeg     . . .     Spirit   .   b - +0 scale mail
rPois    .         Reflect  .   (no helmet)
rElec    .         Harm     .   (no cloak)
rCorr    .         Rampage  .   (no gloves)
Will     .....                  w - +2 pair of boots
Stlth    ..........             n - amulet of regeneration
HPRegen  1.27/turn              i - ring of see invisible
MPRegen  0.12/turn              A - +6 ring of dexterity

@: studying Fighting
A: no striking features
a: no special abilities


You were on level 11 of the Dungeon.
You visited 2 branches of the dungeon, and saw 12 of its levels.

You collected 539 gold pieces.

Inventory:

Hand Weapons
 a - a +3 war axe
 I - a +3 battleaxe of freezing (weapon)
Missiles
 E - 9 curare-tipped darts (quivered)
Armour
 b - a +0 scale mail (worn)
 c - a +0 kite shield
 w - a +2 pair of boots (worn)
Jewellery
 e - an amulet of the acrobat
 g - an amulet of guardian spirit
 i - a ring of see invisible (left hand)
 n - an amulet of regeneration (around neck)
 o - a ring of ice
 q - a ring of magical power
 u - a ring of poison resistance
 A - a +6 ring of dexterity (right hand)
 K - a ring of positive energy
 L - a +4 ring of evasion
Wands
 p - a wand of flame (8)
 x - a wand of polymorph (8)
 B - a wand of acid (7)
 D - a wand of mindburst (17)
Scrolls
 s - a scroll of fog
 t - a scroll of fear
 v - a scroll of teleportation
 y - a scroll of amnesia
 F - a scroll of magic mapping
 H - 2 scrolls of identify
Potions
 d - a potion of might
 f - 2 potions of mutation
 h - 4 potions of curing
 j - 2 potions of cancellation
 k - a potion of haste
 l - a potion of brilliance
 m - 2 potions of lignification
 r - a potion of attraction
 z - 6 potions of degeneration
 G - a potion of magic
 J - a potion of flight {unknown}


   Skills:
 + Level 12.4 Fighting
 * Level 16.4 Axes
 - Level 10.2 Armour
 - Level 3.2 Shields


You had 10 spell levels left.
You didn't know any spells.
Your spell library contained the following spells:

 Spells                   Type           Power      Damage    Failure   Level
 Magic Dart               Conj           0%         1d3       67%         1
 Sandblast                Erth           0%         2d4       67%         1
 Passwall                 Tmut/Erth      0%         N/A       80%         2
 Searing Ray              Conj           0%         3d3       80%         2
 Dazzling Flash           Conj/Hex       0%         N/A       95%         3
 Stone Arrow              Conj/Erth      0%         3d7       95%         3
 Fulminant Prism          Conj/Hex       0%         3d6       100%        4
 Iskenderun's Mystic Bla  Conj/Tloc      0%         2d3       100%        4
 Petrify                  Tmut/Erth      0%         N/A       100%        4
 Lee's Rapid Deconstruct  Erth           0%         3d5*      100%        5


Dungeon Overview and Level Annotations

Branches:
Dungeon (11/15)            Temple (1/1) D:7             Orc (0/2) D:11
   Lair: D:8-11

Altars:
Ashenzari
Cheibriados
Dithmenos
Elyvilon
Fedhas
Gozag
Hepliaklqana
Kikubaaqudgha
Makhleb
Nemelex Xobeh
Okawaru
Qazlal
Ru
Sif Muna
Trog
Uskayaw
Vehumet
Wu Jian
Xom
Yredelemnul
Zin
The Shining One

Annotations:
D:3 1 runed translucent door, kae's ghost, amateur HOFi


Message History

You are too injured to fight recklessly!
You are too injured to fight recklessly!
You are too injured to fight recklessly!
You slash the acid dragon! You freeze the acid dragon.
The acid dragon is heavily wounded.
The acid dragon spits acid at you. The splash of acid hits you!
You are splashed with acid!
You hit the acid dragon. You freeze the acid dragon.
The acid dragon is severely wounded.
The acid dragon bites you. The acid dragon closely misses you.
The acid dragon spits acid at you. The splash of acid hits you.
You are splashed with acid!
* * * LOW HITPOINT WARNING * * *
You closely miss the acid dragon.
The acid dragon is severely wounded.
The acid dragon barely misses you. The acid dragon claws you.
* * * LOW HITPOINT WARNING * * *
As you read the scroll of teleportation, it crumbles to dust.
You feel strangely unstable. The acid dragon spits acid at you.
The splash of acid hits you!
* * * LOW HITPOINT WARNING * * *
You are splashed with acid!
* * * LOW HITPOINT WARNING * * *
You feel much better. The acid dragon bites you.
* * * LOW HITPOINT WARNING * * *
The acid dragon barely misses you. x3
The acid dragon spits acid at you. The splash of acid hits you.
* * * LOW HITPOINT WARNING * * *
You are splashed with acid!
* * * LOW HITPOINT WARNING * * *
The acid dragon spits acid at you. The splash of acid misses you.
Your surroundings flicker for a moment.
The acid dragon spits acid at you. The splash of acid hits you.
* * * LOW HITPOINT WARNING * * *
You are splashed with acid!
You die...

#
...........................
#
...........................
#
...........................
#
...........................
#
...........................
#
............................
............................
...........(................
.........D.@................
............................
........DD..................
.........D$.................
.....>......................
...(........................
............................
............................
............................


You could see an eight-headed hydra and 3 acid dragons.

Vanquished Creatures
  3 two-headed ogres
  A cyclops (D:6)
  2 manticores (D:11)
  Joseph (D:8)
  An unseen horror (D:6)
  Psyche (D:8)
  A troll (D:11)
  A hornet (D:8)
  Prince Ribbit (D:5)
  Grinder (D:6)
  Sigmund (D:6)
  5 yaks (D:10)
  A vampire (D:9)
  A wyvern (D:9)
  2 humans (D:10)
  3 vampire mosquitoes (D:10)
  3 steam dragons
  Menkaure (D:6)
  A water moccasin (D:8)
  A swamp drake (D:11)
  2 ice beasts (D:5)
  2 black bears
  3 orc warriors (D:11)
  3 necrophages
  2 sky beasts (D:6)
  6 centaurs
  4 ogres
  2 kobold brigands (D:10)
  2 bullfrogs
  4 scorpions
  A wyvern zombie (D:7)
  2 gnoll sergeants (D:9)
  11 killer bees
  5 centaur zombies
  4 crimson imps (D:4)
  3 centaur skeletons
  8 orc priests
  2 bullfrog skeletons
  3 hounds
  2 jellies (D:8)
  3 iguanas
  Jessica (D:3)
  9 orc wizards
  A hound skeleton (D:4)
  A mummy (D:8)
  A howler monkey zombie (D:6)
  7 gnolls (D:9)
  6 adders
  2 white imps
  2 ufetubi (D:5)
  A worm (D:5)
  3 dart slugs
  35 orcs
  6 ball pythons
  2 bats (D:3)
  3 endoplasms
  2 giant cockroaches (D:4)
  6 goblins
  4 hobgoblins
  10 jackals
  16 kobolds
  A quokka (D:1)
  2 frilled lizards (D:3)
  A rat (D:1)
228 creatures vanquished.

Notes
Turn   | Place    | Note
-------+----------+-------------------------------------------
     0 | D:1      | kae the Hill Orc Fighter began the quest for the Orb.
     0 | D:1      | Reached XP level 1. HP: 19/19 MP: 1/1
    96 | D:1      | Found a faded altar of an unknown god.
   105 | D:1      | Reached skill level 3 in Axes
   121 | D:1      | Reached XP level 2. HP: 21/27 MP: 2/2
   938 | D:2      | Reached XP level 3. HP: 30/33 MP: 3/3
  1384 | D:2      | Reached skill level 4 in Axes
  2240 | D:3      | Noticed Jessica
  2248 | D:3      | Killed Jessica
  2249 | D:3      | Reached XP level 4. HP: 34/41 MP: 2/4
  2436 | D:3      | Found a runed translucent door.
  2485 | D:3      | Noticed kae's ghost (amateur HOFi)
  2568 | D:3      | Found a broken altar of Ashenzari.
  2670 | D:3      | Reached skill level 5 in Axes
  3263 | D:3      | Noticed a scorpion
  3270 | D:3      | Killed a scorpion
  3271 | D:3      | Reached XP level 5. HP: 42/47 MP: 3/5
  3865 | D:4      | Reached skill level 5 in Fighting
  3865 | D:4      | Reached skill level 6 in Axes
  3865 | D:4      | Reached XP level 6. HP: 37/56 MP: 4/6
  4110 | D:4      | Noticed a necrophage
  4114 | D:4      | Noticed a black bear
  4118 | D:4      | Killed a necrophage
  4127 | D:4      | Killed a black bear
  4128 | D:4      | Reached skill level 7 in Axes
  4128 | D:4      | Reached skill level 5 in Armour
  4128 | D:4      | Reached XP level 7. HP: 21/61 MP: 3/7
  4622 | D:4      | Found a shimmering altar of Xom.
  4648 | D:4      | Reached skill level 8 in Axes
  4969 | D:5      | Entered Level 5 of the Dungeon
  5169 | D:5      | Reached XP level 8. HP: 33/70 MP: 3/8
  5361 | D:5      | Noticed Prince Ribbit
  5394 | D:5      | Killed Prince Ribbit
  5395 | D:5      | Reached skill level 9 in Axes
  6098 | D:5      | Reached skill level 10 in Axes
  6301 | D:5      | Found a white marble altar of Elyvilon.
  6529 | D:6      | Reached XP level 9. HP: 79/79 MP: 9/9
  6529 | D:6      | Noticed an unseen horror
  6541 | D:6      | Killed an unseen horror
  6542 | D:6      | Reached skill level 11 in Axes
  6681 | D:6      | Noticed Menkaure
  6688 | D:6      | Killed Menkaure
  6852 | D:6      | Reached skill level 12 in Axes
  6920 | D:6      | Found a sparkling altar of Nemelex Xobeh.
  6925 | D:6      | Noticed Grinder
  6931 | D:6      | Killed Grinder
  7167 | D:6      | You fall into a shaft and drop 1 floor!
  7696 | D:7      | Reached XP level 10. HP: 91/91 MP: 10/10
  7831 | D:6      | Noticed Sigmund
  7841 | D:6      | Killed Sigmund
  7890 | D:6      | Noticed a cyclops
  7922 | D:6      | Killed a cyclops
  7923 | D:6      | Reached skill level 13 in Axes
  7951 | D:6      | Noticed a skeletal warrior
  7951 | D:6      | Noticed a deep elf pyromancer
  8210 | D:7      | Found a staircase to the Ecumenical Temple.
  8253 | Temple   | Entered the Ecumenical Temple
  8723 | D:8      | Noticed Psyche
  8744 | D:8      | Killed Psyche
  8760 | D:8      | Found a shadowy altar of Dithmenos.
  8793 | D:8      | Noticed Joseph
  8814 | D:8      | Killed Joseph
  8815 | D:8      | Reached skill level 10 in Fighting
  8982 | D:8      | Reached skill level 14 in Axes
  9042 | D:8      | Found an ancient bone altar of Kikubaaqudgha.
  9217 | D:8      | Found a stormy altar of Qazlal.
  9298 | D:8      | Found a snail-covered altar of Cheibriados.
  9427 | D:8      | Found a radiant altar of Vehumet.
  9796 | D:9      | Noticed a two-headed ogre
  9804 | D:9      | Killed a two-headed ogre
  9805 | D:9      | Reached XP level 11. HP: 54/101 MP: 11/11
 10159 | D:10     | Entered Level 10 of the Dungeon
 10218 | D:10     | Found an iron altar of Okawaru.
 10315 | D:10     | Found a burning altar of Makhleb.
 10390 | D:10     | Reached skill level 15 in Axes
 10509 | D:10     | Reached skill level 10 in Armour
 10570 | D:10     | Found a burning altar of Makhleb.
 10571 | D:10     | Found an ornate altar of the Wu Jian Council.
 10626 | D:10     | Found an iron altar of Okawaru.
 10714 | D:10     | Identified 2 scrolls of acquirement
 10714 | D:10     | Acquired a +3 battleaxe of freezing
 10716 | D:10     | Acquired a manual of Fighting
 10806 | D:10     | Noticed a two-headed ogre
 10835 | D:10     | Killed a two-headed ogre
 11014 | D:11     | Found a staircase to the Orcish Mines.
 11243 | D:11     | Noticed a two-headed ogre
 11253 | D:11     | Killed a two-headed ogre
 11254 | D:11     | Reached skill level 16 in Axes
 11374 | D:11     | Noticed a manticore
 11380 | D:11     | Killed a manticore
 11458 | D:11     | Noticed a manticore
 11469 | D:11     | Killed a manticore
 11505 | D:11     | Noticed an eight-headed hydra
 11509 | D:11     | HP: 1/105 [acid (16)]
 11514 | D:11     | HP: 2/105 [acid dragon/splash of acid (5)]
 11514 | D:11     | Splashed by an acid dragon's acid

Illustrated notes

Levels and vault maps discovered:
D:1:      lightli_arrival_isolated_outpost, layout_basic,
          ebering_ecumenical_altar_ruins, minivault_24, st_stairs_11
D:2:      layout_basic
D:3:      layout_basic, evilmike_ruin_ashenzari, gammafunk_ghost_grave,
          chequers_serial_rivers_marsh, uniq_jessica
D:4:      layout_cave_pools, led_xom_imps
D:5:      layout_loops_ring, elyvilon_altar_1, uniq_prince_ribbit1
D:6:      minmay_klotski, layout_layer_cave, nicolae_overflow_crystal_walls,
          grunt_potential, uniq_sigmund, uniq_grinder, uniq_menkaure
D:7:      layout_basic, minmay_temple_entry_hall, eino_jars
D:8:      layout_loops_cross, general_overflow_altar,
          nicolae_dithmenos_shadow_blocks, lemuel_coloured_pillars_altar,
          kennysheep_little_box, slow_altar_2, uniq_psyche, uniq_joseph
D:9:      layout_cross
D:10:     layout_cave_pools, okawaru_humans, gammafunk_temple_overflow_statue,
          serial_park, serial_park_tiny_pond, serial_park_gazebo
          [serial_park_minivault_5x5_4], serial_park_square2,
          serial_park_tiny_pond, minmay_misc_feat_pillars, grunt_ministairs_7,
          minmay_misc_feat_hallway, dk_noncrumbling_3
D:11:     layout_grid_maze, lair_entry_dummy, erik_orc_1, serial_shops,
          nicolae_shop_competitors_out_of_business
Temple:   eino_temple_lava

Skill      XL: |  1  2  3  4  5  6  7  8  9 10 11 |
---------------+----------------------------------+-----
Axes           | 3 4 5 6 7 8 10 12 14 16 | 16.4
Fighting       | 4 5 6 7 9 10 12 | 12.4
Armour         | 4 5 7 8 9 10 | 10.2
Shields        | |  3.2

Action                   |  1- 3 |  4- 6 |  7- 9 | 10-12 || total
-------------------------+-------+-------+-------+-------++-------
Melee: War axe           |    81 |    64 |   225 |   295 ||   665
       Battleaxe         |       |       |       |    64 ||    64
Evoke: Wand              |       |       |     6 |     7 ||    13
  Use: Scroll            |     7 |     4 |     1 |    13 ||    25
       Potion            |       |       |     1 |     1 ||     2
 Stab: Confused          |       |       |     1 |       ||     1
Armor: Scale mail        |    44 |    34 |   114 |   195 ||   387
Dodge: Dodged            |    35 |    25 |    86 |   154 ||   300
Block: Kite shield       |    38 |    39 |   117 |   166 ||   360

Table legend: (Time is in decaauts)
 A = Elapsed time spent in this place.
 B = Non-inter-level travel time spent in this place.
 C = Inter-level travel time spent in this place.
 D = Time resting spent in this place.
 E = Time spent auto-exploring this place.
 F = Levels seen in this place.
 G = Mean time per level.
                   A        B        C        D        E       F      G
               +--------+--------+--------+--------+--------+-----+--------+
         Total |  11641 |  11135 |    506 |    762 |   8758 |  12 |  970.1 |
       Dungeon |  11564 |  11067 |    497 |    762 |   8689 |  11 | 1051.3 |
        Temple |     77 |     69 |      8 |      0 |     69 |   1 |   77.0 |
               +--------+--------+--------+--------+--------+-----+--------+

Top non-repeatable levels by time:
     D:3: 1736 daAuts
     D:5: 1519 daAuts
     D:6: 1286 daAuts
     D:2: 1245 daAuts
     D:4: 1134 daAuts
     D:8: 994 daAuts
     D:1: 936 daAuts
     D:7: 829 daAuts
    D:10: 757 daAuts
    D:11: 590 daAuts
     D:9: 535 daAuts
  Temple: 77 daAuts
